Map: Catalyst LE

Players

Infamous - Winner!

  • Race: Protoss Protoss
  • League: Silver
  • Spawn Location: 5:00

DoctorBryck

  • Race: Terran Terran
  • League: Gold
  • Spawn Location: 11:00

VOD

Have the link to the VOD?

Description

Time

  • Played on: April 4, 2018, 3:53 p.m.
  • Length: 6:56
Show
View Real Time Build Order
Export as new Build Order

Infamous Protoss - Winner!

Build Orders:  

Get SALT Encoding   

  12  0:01  Probe  
  13  0:14  Probe  
  14  0:18  Pylon  
  14  0:26  Probe  
  15  0:38  Probe  
  15  0:39  Gateway  
  16  0:52  Probe  
  17  0:58  Assimilator  
  17  1:14  Probe  
  17  1:15  Gateway  
  18  1:26  Probe  
  18  1:28  Cybernetics Core  
  19  1:36  Pylon  
  19  1:39  Probe (Chrono Boost)  
  20  1:43  Assimilator  
  20  1:47  Pylon  
  20  1:51  Probe (Chrono Boost)  
  21  2:04  Warp Gate  
  21  2:05  Stalker (Chrono Boost)  
  21  2:08  Probe  
  24  2:21  Probe  
  24  2:22  Stalker (Chrono Boost)  
  27  2:33  Probe  
  28  2:43  Robotics Facility  
  28  2:45  Probe  
  29  2:52  Stalker (Chrono Boost)  
  31  3:15  Pylon  
  31  3:26  Pylon  
  31  3:33  Probe, Stalker  
  31  3:34  Observer  
  35  3:46  Probe  
  36  3:58  Probe  
  37  4:03  Nexus  
  37  4:06  Pylon  
  37  4:10  Probe  
  38  4:31  Gateway  
  38  4:32  Gateway  
  38  4:35  Gateway, Stalker  
  38  4:37  Sentry  
  42  4:48  Immortal (Chrono Boost)  
  46  5:03  Probe  
  47  5:17  Forge  
  47  5:20  Observer  
  48  5:24  Zealot x2  
  48  5:27  Probe  
  48  5:28  Probe  
  54  5:39  Probe  
  55  5:46  Forge  
  55  5:47  Zealot  
  55  5:49  Sentry  
  59  5:53  Pylon  
  59  5:58  Pylon  
  59  6:01  Probe x2  
  61  6:09  Immortal (Chrono Boost)  
  65  6:27  Zealot  
  65  6:28  Zealot x3  
  65  6:31  Sentry  
Show
View Real Time Build Order
Export as new Build Order

DoctorBryck Terran 

Build Orders:  

Get SALT Encoding   

  12  0:01  SCV  
  13  0:13  SCV  
  14  0:18  Refinery  
  14  0:25  SCV  
  15  0:31  Supply Depot  
  15  0:45  Engineering Bay  
  15  0:52  SCV  
  16  0:58  Barracks  
  16  1:08  Supply Depot  
  16  1:10  SCV  
  17  1:22  SCV  
  18  1:34  SCV  
  19  1:40  Refinery  
  19  1:46  Marine, SCV  
  21  1:58  SCV  
  22  2:04  Marine  
  22  2:05  Factory  
  23  2:10  SCV  
  24  2:22  Marine, SCV  
  26  2:24  Terran Infantry Weapons Level 1  
  26  2:28  Engineering Bay  
  26  2:34  SCV  
  27  2:40  Supply Depot, Marine  
  28  2:57  Factory Reactor  
  28  3:00  Terran Infantry Armor Level 1  
  28  3:03  Supply Depot  
  28  3:05  Orbital Command  
  28  3:39  Command Center  
  27  3:42  Marine  
  27  3:53  Cyclone  
  29  4:00  Marine  
  30  4:07  Cyclone  
  33  4:14  Command Center  
  33  4:18  Marine  
  34  4:30  Armory  
  34  4:35  Marine  
  35  4:46  SCV  
  35  4:48  Cyclone  
  39  4:53  Marine  
  39  4:54  Missile Turret  
  39  4:58  SCV  
  41  5:01  Barracks  
  41  5:10  Barracks, SCV  
  41  5:11  Marine  
  43  5:16  Missile Turret  
  43  5:22  SCV  
  44  5:34  SCV  
  45  5:46  SCV  
  46  6:00  Supply Depot  
  46  6:01  SCV  
  47  6:13  SCV  
  47  6:14  Marine  
  47  6:18  SCV  
  50  6:23  Supply Depot  
  50  6:25  SCV  
  51  6:30  SCV  
  51  6:32  Marine  
  53  6:36  Barracks Tech Lab  
  53  6:37  Barracks Reactor, SCV  
  51  6:47  Supply Depot  
Tags
 
Matchup
PvT
Replay Pack
Last Remnant (2)
Spawn Locations
Cross Positions
Add a new tag
Caveats
  • Supply blocks, unpowered buildings, or Contaminate may cause inaccurate times.
  • Supply counts are checked every 10 seconds.